 Dungeon Crawl Stone Soup version 0.30-a0-172-gc5509c9e31 (webtiles) character file.

Game seed: 2661526154465373083

2 KennySheep the Cudgeller (level 1, 0/19 HPs)
             Began as a Meteoran Monk on Oct 2, 2022.
             Was a Believer of Wu Jian.
             Slain by a hobgoblin (5 damage)
             ... on level 1 of the Dungeon.
             The game lasted 00:00:33 (44 turns).

KennySheep the Cudgeller (Meteoran Monk)              Turns: 44, Time: 00:00:33

Health: 0/19       AC:  2    Str: 12    XL:     1   Next: 57%
Magic:  2/2        EV: 13    Int: 11    God:    Wu Jian [**....]
Gold:   0          SH:  0    Dex: 16    Spells: 0/0 levels left

rFire   . . .      SeeInvis .    a - +0 mace
rCold   . . .      Faith    .    (no shield)
rNeg    . . .      Spirit   .    b - +0 robe
rPois   .          Reflect  .    (no helmet)
rElec   .          Harm     .    (no cloak)
rCorr   .          Rampage  .    (no gloves)
Will    .....                    (no boots)
Stlth   +.........               (no amulet)
HPRegen 0.23/turn                (no ring)
MPRegen 0.08/turn                (no ring)

@: glowing
A: sense surroundings 1, otherworldly, glowing, explore regen
a: Renounce Religion, Wall Jump


You were on level 1 of the Dungeon.
You worshipped Wu Jian.
Wu Jian was pleased with you.
You visited 1 branch of the dungeon, and saw 1 of its levels.

Inventory:

Hand Weapons
 a - a +0 mace (weapon)
Armour
 b - a +0 robe (worn)
Potions
 c - a potion of ambrosia
 d - a potion of curing {unknown}


   Skills:
 + Level 3.3 Fighting
 * Level 4.1 Maces & Flails
 + Level 3.7 Dodging
 - Level 1.4 Stealth


You couldn't memorise any spells.
You didn't know any spells.
Your spell library was empty.

Dungeon Overview and Level Annotations

Branches:
Dungeon (1/15) Zot: 554

Altars:
Wu Jian


Innate Abilities, Weirdness & Mutations

You passively map a small area around you.
You are easily found by Zot.
You glow in the dark.
You regain HP and MP as you explore.


Message History

This altar belongs to (a) Vehumet, (b) Wu Jian or (c) the Shining One, but you can't tell which.
Press the corresponding letter to learn more about a god, or press enter to convert or escape to cancel.
Wu Jian accepts your prayer! The Council welcomes you!
You can now lightly attack monsters by moving around them.
You can now perform airborne attacks.
You can now perform damaging attacks by moving towards foes.
d - a fizzy grey potion A hobgoblin comes into view.
Found 4 gold pieces.
The hobgoblin shouts!
You see here a +0 short sword.
A hobgoblin is nearby!
A dart slug comes into view.
The dart slug moves out of view.
You lunge at the hobgoblin, but your attack speed is too slow for a blow to land.
The hobgoblin closely misses you.
You closely miss the hobgoblin. The hobgoblin hits you.
You hit the hobgoblin but do no damage. The hobgoblin barely misses you.
You spin and attack the hobgoblin.
You hit the hobgoblin.
The hobgoblin is moderately wounded.
The hobgoblin closely misses you.
You spin and attack the hobgoblin.
You barely miss the hobgoblin. The dart slug bites you.
The hobgoblin completely misses you.
You spin and attack the dart slug.
You hit the dart slug.
The dart slug is moderately wounded.
The dart slug launches a dart at you. The slug dart hits you.
You spin and attack the dart slug.
You hit the dart slug.
The dart slug is heavily wounded.
The dart slug bites you.
You completely miss the dart slug.
The dart slug is heavily wounded.
The hobgoblin barely misses you.
You hit the dart slug.
You kill the dart slug!
The Council accepts your kill. The hobgoblin hits you.
* * * LOW HITPOINT WARNING * * *
You barely miss the hobgoblin. The hobgoblin hits you.
You die... * ,, * , P , *,, .P. * , PP.P

. #..# ...,
#..######..#*
*#.........# * *
#...@.# ..# * *
#....g#...#
#...$.#...#
#.......#.# *
####.....#.#.# ,
,
$........#...###
, .###.....#
....# * , ,,
#...).# #.#.# *
, * #.....#
#.#.#


You could see a hobgoblin.

Vanquished Creatures
  A dart slug (D:1)
1 creature vanquished.

Notes
Turn   | Place    | Note
-------+----------+-------------------------------------------
     0 | D:1      | KennySheep the Meteoran Monk began the quest for the Orb.
     0 | D:1      | Reached XP level 1. HP: 19/19 MP: 2/2
    22 | D:1      | Found a faded altar of an unknown god.
    27 | D:1      | Prayed at the altar of an unknown god.
    27 | D:1      | Became a worshipper of the Wu Jian Council
    27 | D:1      | Reached * piety under Wu Jian
    27 | D:1      | Reached ** piety under Wu Jian
    44 | D:1      | Slain by a hobgoblin

Illustrated notes

Levels and vault maps discovered:
D:1:      dpeg_arrival_short_road, layout_rooms, ebering_ecumenical_altar_mist,
          minmay_hedge_maze, nicolae_kite_square_tiling_tiny

Action                   || total
-------------------------++-------
Melee: Mace              ||     9
Invok: Whirlwind         ||     4
Dodge: Dodged            ||     5

Table legend: (Time is in decaauts)
 A = Elapsed time spent in this place.
 B = Non-inter-level travel time spent in this place.
 C = Inter-level travel time spent in this place.
 D = Time resting spent in this place.
 E = Time spent auto-exploring this place.
 F = Levels seen in this place.
 G = Mean time per level.
                   A        B        C        D        E       F      G
               +--------+--------+--------+--------+--------+-----+--------+
         Total |     44 |     44 |      0 |      0 |     25 |   1 |   44.0 |
       Dungeon |     44 |     44 |      0 |      0 |     25 |   1 |   44.0 |
               +--------+--------+--------+--------+--------+-----+--------+

Top non-repeatable levels by time:
     D:1: 44 daAuts
